 Dungeon Crawl Stone Soup version 0.29-a0-925-g0a7a3d12f8 (webtiles) character file.

Game seed: 15453541373217899834

262 spiderkeys the Trooper (level 6, -2/44 HPs)
             Began as an Octopode Chaos Knight on July 30, 2022.
             Was a Plaything of Xom.
             Killed by divine providence
             ... invoked by an orc priest
              (13 damage)
             ... on level 3 of the Dungeon.
             The game lasted 00:04:32 (2489 turns).

spiderkeys the Trooper (Octopode Chaos Knight)      Turns: 2489, Time: 00:04:33

Health: -2/44      AC:  1    Str: 14    XL:     6   Next: 18%
Magic:  6/6        EV: 14    Int: 14    God:    Xom [...*..]
Gold:   154        SH:  0    Dex: 11    Spells: 5/5 levels left

rFire   . . .      SeeInvis .   a - +0 spear (chaos)
rCold   . . .      Faith    .   (no shield)
rNeg    . . .      Spirit   .   (helmet restricted)
rPois   .          Reflect  .   (no amulet)
rElec   .          Harm     .   (no ring)
rCorr   .          Rampage  .   (no ring)
Will    .....                   (no ring)
Stlth   ++........              (no ring)
HPRegen 0.14/turn               (no ring)
MPRegen 0.10/turn               (no ring)
                                (no ring)
                                (no ring)

@: no status effects
A: almost no armour, amphibious, 8 rings, camouflage 1, gelatinous body 1,
(nimble swimmer 1), tentacles
a: Renounce Religion


You were on level 3 of the Dungeon.
You worshipped Xom.
You were a favourite toy of Xom.
You visited 1 branch of the dungeon, and saw 3 of its levels.

You collected 154 gold pieces.


Innate Abilities, Weirdness & Mutations

You cannot wear most types of armour.
You are amphibious.
You can wear up to eight rings at the same time.
Your skin changes colour to match your surroundings (Stealth+).
Your rubbery body absorbs attacks. (AC +1, EV +1)
((You are camouflaged when in or above water. (Stealth+)))
You have tentacles for arms and can constrict up to eight enemies at once.


   Skills:
 + Level 4.5 Fighting
 - Level 3.2 Polearms
 + Level 4.1 Dodging
 + Level 2.9 Ice Magic


You had 5 spell levels left.
You didn't know any spells.
Your spell library contained the following spells:

 Spells                   Type           Power      Damage    Failure   Level
 Ozocubu's Armour         Ice            8%         N/A       26%         3
 Ozocubu's Refrigeration  Ice            4%         4d5       100%        7

Inventory:

Hand Weapons
 a - a +0 spear of chaos (weapon)
Missiles
 h - 10 stones
Magical Staves
 k - a staff of earth {!a}
   (You found it on level 2 of the Dungeon)
Scrolls
 c - a scroll of identify {@r1}
 e - 3 scrolls of enchant weapon {unknown}
 g - a scroll of summoning {unknown}
 j - a scroll of butterflies {unknown}
 l - a scroll of magic mapping {!r}
Potions
 d - a potion of ambrosia
 f - 2 potions of curing {@q1}
Miscellaneous
 b - a piece from Xom's chessboard (14/15) (quivered)

Dungeon Overview and Level Annotations

Branches:
Dungeon (3/15) Zot: 15517

Altars:
Xom

Annotations:
D:3 1 runed translucent door

## # #.. ##
# #. ..( .#
≈# ####.##.#
.# +##
.b....#.#
.##). ....
.... .†.
.._..##.##o#
#........@.#
g##.b.<$.o#
##.†b....#
#..........
#.?..#####..
###<.# #
...# .##.#
.#


You could see an orc priest and an orc.


Message History

Found a stone staircase leading up.
Key pressed, stopping explore.
There is an open door here.
You see here a +0 dagger.
Crazy Yiuf shouts!
Could not explore, unopened runed door.
You open the door.
You make a move on Xom's chessboard...
Crazy Yiuf twists and deforms.
Crazy Yiuf barely misses you.
You closely miss Crazy Yiuf. You grab Crazy Yiuf. You squeeze Crazy Yiuf!
You constrict Crazy Yiuf.
Crazy Yiuf cries, "Hack mumblescurry dark!"
Crazy Yiuf hits you with a +4 quarterstaff of chaos!
Crazy Yiuf burns you. 😮 HP[-11]
You take 11 damage, and now have 33/44 hp.
MASSIVE DAMAGE!! (PAUSE)
You hit Crazy Yiuf.
You kill Crazy Yiuf!
There is an open translucent door here.
Things that are here:
a +4 quarterstaff of chaos; a +0 cloak; the gnoll corpse of Crazy Yiuf Key pressed, stopping explore.
Done exploring. 😎 HP[+11]
Your hp is fully restored (44).
Done exploring.
Unknown command.
Done exploring.
Done exploring.
Done exploring.
There is an open translucent door here.
Things that are here:
a +4 quarterstaff of chaos; a +0 cloak; the gnoll corpse of Crazy Yiuf
There is an open door here.
You see here a +0 club.
You see here a +0 chain mail.
There is a stone staircase leading down here.
You climb downwards.
Found six items.
Found a shimmering altar of Xom.
Found a stone staircase leading up.
There is a stone staircase leading up here.
The helpless frilled lizard fails to defend itself.
You hit the frilled lizard. You freeze the frilled lizard.
You kill the frilled lizard!
The orc priest shouts!
You hear a shout!
An orc comes into view. It is wielding a +0 mace.
A goblin comes into view. It is wielding a +0 club.
The orc shouts!
You hear a shout!
An orc comes into view. It is wielding a +0 hand axe.
You hear a shout!
You reach to attack!
You hit the frilled lizard.
The frilled lizard seems to slow down.
You freeze the frilled lizard.
You kill the frilled lizard!
You hear a shout! x3
An orc comes into view. It is wielding a +0 short sword.
You reach to attack!
You hit the orc. You burn the orc. You hit the orc.
You kill the orc!
You hit the orc. Your grab misses the orc.
You tentacle-slap the orc, but do no damage.
You squeeze the orc. You hit the orc.
You kill the orc!
You reach to attack!
You hit the orc but do no damage. You hit the orc. Your grab misses the orc.
The orc barely misses you.
An orc comes into view. It is wielding a +0 club.
You closely miss the orc. Your grab misses the orc. You squeeze the orc.
You kill the orc!
You hit the orc priest. You burn the orc priest.
Your grab misses the orc priest. You squeeze the orc priest.
The orc priest mumbles some strange prayers to Beogh against you.
Pain shoots through your body! 😮 HP[-11]
You take 11 damage, and now have 33/44 hp.
MASSIVE DAMAGE!! (PAUSE)
You barely miss the orc priest. Your grab misses the orc priest.
The orc priest barely misses you. The orc closely misses you.
You closely miss the orc priest. You grab the orc priest.
You constrict the orc priest, but do no damage.
The orc priest hits you with a +0 flail.
The orc hits you with a +0 club.
* * * LOW HITPOINT WARNING * * *
😨 HP[-11]
You take 11 damage, and now have 22/44 hp.
MASSIVE DAMAGE!! (PAUSE)
You barely miss the orc priest. You constrict the orc priest.
The orc priest hits you with a +0 flail!
* * * LOW HITPOINT WARNING * * *
The orc hits you with a +0 club.
* * * LOW HITPOINT WARNING * * *
😱 HP[-11]
You take 11 damage, and now have 11/44 hp.
MASSIVE DAMAGE!! (PAUSE)
You barely miss the orc priest.
You tentacle-slap the orc priest, but do no damage.
You constrict the orc priest.
The orc priest mumbles some strange prayers to Beogh against you.
Beogh smites you!
You die...

Skill      XL: |  1  2  3  4 |
---------------+-------------+-----
Ice Magic      | 1 2 |  2.9
Dodging        | 3 4 |  4.1
Fighting       | 4 |  4.5
Polearms       | |  3.2

Action                   |  1- 3 |  4- 6 || total
-------------------------+-------+-------++-------
Melee: Spear             |    85 |    46 ||   131
       Constrict         |    19 |     7 ||    26
       Tentacles         |     7 |    10 ||    17
       Punch             |     2 |     2 ||     4
Evoke: Piece from Xom's  |       |     4 ||     4
  Use: Scroll            |     1 |     2 ||     3
       Potion            |       |     3 ||     3
 Stab: Sleeping          |    10 |     1 ||    11
       Paralysed         |     2 |       ||     2
Dodge: Dodged            |    38 |    16 ||    54

Levels and vault maps discovered:
D:1:      elethiomel_arrival_maze, layout_loops_corners, basic_ecumenical_altar,
          corexii_corridor_pit
D:2:      layout_basic, uniq_sigmund, uniq_robin, uniq_crazy_yiuf_cottage
D:3:      layout_loops_ring, xom_butterflies,
          mainiacjoe_overflow_small_starburst,
          mainiacjoe_overflow_surrounded_room, ebering_ghost_sewer_f

Notes
Turn   | Place    | Note
-------+----------+-------------------------------------------
     0 | D:1      | spiderkeys the Octopode Chaos Knight began the quest for
                  | the Orb.
     0 | D:1      | Reached XP level 1. HP: 16/16 MP: 1/1
     0 | D:1      | magus.rc [v1.11.3]
   187 | D:1      | Found a faded altar of an unknown god.
   358 | D:1      | Reached XP level 2. HP: 21/21 MP: 2/2
   364 | D:1      | You add the spells Ozocubu's Armour and Ozocubu's
                  | Refrigeration to your library.
   787 | D:1      | XOM is BORED!
  1149 | D:2      | Reached XP level 3. HP: 25/26 MP: 3/3
  1177 | D:2      | Noticed Robin
  1188 | D:2      | Reached skill level 1 in Ice Magic
  1199 | D:2      | Reached skill level 3 in Dodging
  1202 | D:2      | HP: 5/26 [hobgoblin[Robin] (7)]
  1202 | D:2      | XOM: butterfly on damage
  1206 | D:2      | Killed Robin
  1288 | D:2      | XOM: silly message
  1396 | D:2      | XOM: divination: detect creatures
  1583 | D:2      | XOM: divination: detect items
  1609 | D:2      | Reached XP level 4. HP: 30/32 MP: 4/4
  1644 | D:2      | XOM: 5-stop teleportation journey
  1662 | D:2      | Noticed Sigmund
  1671 | D:2      | HP: 5/33 [Sigmund/+0 scythe (12)]
  1677 | D:2      | Killed Sigmund
  1678 | D:2      | Reached skill level 4 in Fighting
  1678 | D:2      | Reached skill level 4 in Dodging
  1678 | D:2      | Reached skill level 2 in Ice Magic
  1678 | D:2      | Reached XP level 5. HP: 6/38 MP: 5/5
  1784 | D:2      | XOM: scenery: summon butterflies
  2181 | D:2      | Reached XP level 6. HP: 41/44 MP: 6/6
  2362 | D:2      | Found a runed translucent door.
  2363 | D:2      | Noticed Crazy Yiuf
  2369 | D:2      | Killed Crazy Yiuf
  2473 | D:3      | Found a shimmering altar of Xom.
  2473 | D:3      | Found a runed translucent door.
  2488 | D:3      | HP: 11/44 [orc/+0 club (1)]
  2489 | D:3      | Killed from afar by an orc priest

Vanquished Creatures
  Sigmund (D:2)
  Crazy Yiuf (D:2)
  Robin (D:2)
  A dart slug (D:2)
  3 orcs (D:3)
  4 endoplasms
  A giant cockroach (D:2)
  12 goblins
  6 hobgoblins
  6 jackals (D:2)
  4 quokkas (D:1)
  2 ball pythons
  2 bats (D:1)
  6 frilled lizards
  4 kobolds
  4 rats
58 creatures vanquished.

Vanquished Creatures (others)
  4 fungi (D:2)
4 creatures vanquished.

Grand Total: 62 creatures vanquished

Table legend:
 A = Non-vault XP
 B = Vault XP
 C = Vault XP percentage of total XP
 D = Non-vault monster count
 E = Vault monster count
 F = Vault count percentage of total count
                 A         B        C        D         E       F
            +---------+---------+-------+---------+---------+-------
      Total |      77 |     298 |  79.5 |      44 |      14 |  24.1
            +---------+---------+-------+---------+---------+-------
        D:1 |      26 |       0 |   0.0 |      17 |       0 |   0.0
        D:2 |      40 |     298 |  88.2 |      22 |      14 |  38.9
        D:3 |      11 |       0 |   0.0 |       5 |       0 |   0.0
            +---------+---------+-------+---------+---------+-------

Illustrated notes

Table legend:
 A = Kills in this place as a percentage of kills in entire the game.
 B = Kills by you in this place as a percentage of kills by you in the entire game.
 C = Kills by friends in this place as a percentage of kills by friends in the entire game.
 D = Other kills in this place as a percentage of other kills in the entire game.
 E = Experience gained in this place as a percentage of experience gained in the entire game.
 F = Experience gained in this place divided by the number of levels of this place that you have seen.
                   A       B       C       D       E      F
               +-------+-------+-------+-------+-------+----------------------
         Total | 100.0 | 100.0 |   N/A | 100.0 | 100.0 | 125.0
       Dungeon | 100.0 | 100.0 |   N/A | 100.0 | 100.0 | 125.0
               +-------+-------+-------+-------+-------+----------------------

Table legend: (Time is in decaauts)
 A = Elapsed time spent in this place.
 B = Non-inter-level travel time spent in this place.
 C = Inter-level travel time spent in this place.
 D = Time resting spent in this place.
 E = Time spent auto-exploring this place.
 F = Levels seen in this place.
 G = Mean time per level.
                   A        B        C        D        E       F      G
               +--------+--------+--------+--------+--------+-----+--------+
         Total |   2481 |   2435 |     46 |     86 |   2043 |   3 |  827.0 |
       Dungeon |   2481 |   2435 |     46 |     86 |   2043 |   3 |  827.0 |
               +--------+--------+--------+--------+--------+-----+--------+

Top non-repeatable levels by time:
     D:2: 1374 daAuts
     D:1: 1092 daAuts
     D:3: 15 daAuts
